 Dungeon Crawl Stone Soup version 0.28-a0-1117-g0bdd5ba030 (webtiles) character file.

Game seed: 11965375473033362674

217 yoda5477 the Skirmisher (level 5, 0/41 HPs)
             Began as a Demonspawn Transmuter on Dec 11, 2021.
             Slain by a black bear (4 damage)
             ... on level 4 of the Dungeon.
             The game lasted 00:21:36 (5433 turns).

yoda5477 the Skirmisher (Demonspawn Transmuter)     Turns: 5433, Time: 00:21:36

Health: 0/41       AC:  4    Str: 12    XL:     5   Next: 61%
Magic:  8/8        EV: 12    Int: 15    God:
Gold:   84         SH:  5    Dex: 13    Spells: 4/8 levels left

rFire   . . .      SeeInvis .     - Unarmed
rCold   . . .      Faith    .   (no shield)
rNeg    . . .      Spirit   .   h - +1 leather armour
rPois   .          Reflect  +   (no helmet)
rElec   .          Harm     .   (no cloak)
rCorr   .          Rampage  .   (no gloves)
Will    .....                   (no boots)
Stlth   ++........              w - amulet of reflection
HPRegen 0.13/turn               (no ring)
MPRegen 0.11/turn               (no ring)

@: no status effects
A: demonic guardian 1
a: no special abilities


You were on level 4 of the Dungeon.
You visited 1 branch of the dungeon, and saw 4 of its levels.

You collected 84 gold pieces.

Inventory:

Hand Weapons
 b - a +0 whip
 d - a +0 mace
 o - a +0 dagger of electrocution
 B - a +0 war axe
Missiles
 c - 46 sling bullets
 f - 122 stones
 i - 33 arrows
 n - 45 poisoned darts (quivered)
 t - 4 silver boomerangs
 C - 20 bolts
Armour
 e - a +0 chain mail
 g - a +0 scale mail
 h - a +1 leather armour (worn)
 m - a +0 plate armour
 r - a +0 ring mail
Jewellery
 p - an amulet of faith
 w - an amulet of reflection (around neck)
Wands
 y - a wand of digging (3)
 z - a wand of iceblast (13)
Scrolls
 a - a scroll of teleportation {unknown}
 j - a scroll of summoning
 s - a scroll of blinking
 x - 2 scrolls of identify
 A - a scroll of fear {unknown}
Potions
 k - a potion of berserk rage {unknown}
 l - 2 potions of haste {unknown}
 q - 2 potions of curing
 u - a potion of flight {unknown}
 v - a potion of lignification {unknown}
 D - a potion of heal wounds {unknown}


   Skills:
 * Level 3.4 Fighting
 + Level 0.6 Armour
 + Level 2.8 Dodging
 - Level 2.0 Stealth
 - Level 2.6 Unarmed Combat
 - Level 2.0 Spellcasting
 + Level 0.3 Necromancy
 + Level 2.8 Transmutations


You had 4 spell levels left.
You knew the following spells:

 Your Spells              Type           Power      Damage    Failure   Level
a - Beastly Appendage     Tmut           20%        N/A       9%          1
b - Wereblood             Tmut           10%        N/A       13%         2
c - Animate Skeleton      Necr           4%         N/A       24%         1

Your spell library contained the following spells:

 Spells                   Type           Power      Damage    Failure   Level
 Sting                    Tmut/Pois      20%        1d4       16%         1
 Apportation              Tloc           2%         N/A       28%         1
 Slow                     Hex            4%         N/A       28%         1
 Summon Small Mammal      Summ           4%         N/A       28%         1
 Poisonous Vapours        Pois/Air       2%         N/A       38%         2
 Spider Form              Tmut/Pois      5%         N/A       43%         3
 Vampiric Draining        Necr           2%         2d6       58%         3
 Confusing Touch          Hex            1%         N/A       63%         3
 Summon Guardian Golem    Hex/Summ       1%         N/A       63%         3
 Tukima's Dance           Hex            1%         N/A       63%         3
 Ice Form                 Ice/Tmut       5%         N/A       83%         4
 Olgreb's Toxic Radiance  Pois           1%         N/A       95%         4
 Passage of Golubria      Tloc           1%         N/A       95%         4
 Yara's Violent Unravell  Hex/Tmut       2%         3d3       99%         5
 Orb of Destruction       Conj           0%         N/A       100%        7
 Spellforged Servitor     Conj/Summ      0%         N/A       100%        7


Dungeon Overview and Level Annotations

Branches:
Dungeon (4/15)
 Temple: D:4-7

Altars:
Elyvilon
Xom

Annotations:
D:4 1 runed translucent door, exclusion: door, Blork the orc, Crazy Yiuf, Menkaure


Innate Abilities, Weirdness & Mutations

A weak demonic guardian rushes to your aid.


Message History

The black bear barely misses you.
You barely miss the black bear. Your kick misses the black bear.
The black bear is heavily wounded.
Your transformation is almost over.
You block the black bear's attack. The black bear claws you. x2
You barely miss the black bear. Your kick misses the black bear.
The black bear is severely wounded.
The black bear bites you but does no damage.
The black bear completely misses you. The black bear claws you.
You hit the black bear.
The black bear is severely wounded.
The black bear bites you.
The black bear claws you but does no damage. x2
You closely miss the black bear. Your kick misses the black bear.
Your headbutt misses the black bear.
The black bear is severely wounded.
The black bear goes berserk!
You barely miss the black bear.
The black bear is severely wounded.
The black bear misses you. You block the black bear's attack.
The black bear claws you but does no damage.
The black bear bites you. The black bear claws you. x2
The black bear looks more healthy.
You block the black bear's attack.
The black bear claws you but does no damage.
The black bear closely misses you.
You barely miss the black bear.
The black bear is severely wounded.
Your horns disappear.
Your talons disappear.
The black bear bites you. The black bear claws you.
* * * LOW HITPOINT WARNING * * *
The black bear barely misses you. The black bear bites you!
* * * LOW HITPOINT WARNING * * *
A demonic guardian appears!
You block the black bear's attack.
The black bear claws you but does no damage.
The black bear rages.
Your quasit bites the black bear.
Your quasit claws the black bear.
Your quasit barely misses the black bear.
You block the black bear's attack. The black bear misses you.
The black bear claws you.
You die...

...≈.≈P.......+...#....# ..
...≈.≈.P......###'######...
#.#≈.≈#P#......)...........
#..≈.≈..#.......(..........
#PP≈.≈..#......(...........
#P#≈.≈#.#................$.
#PP≈.≈..#.......5..........
#..≈.≈..#.......h..........
#.#≈.≈#.#.......@..........
###≈.≈###..................
#≈≈.≈≈###+#.....#######+##
#≈≈...≈≈# #.....+ #≈⌠._.⌠≈#
#.....# #≈≈...≈≈# +.....#
##≈≈⌠≈≈## #.....# ###≈≈≈##
###.... # #####


You could see a black bear (berserk, ally target) and a friendly quasit
(summoned).

Vanquished Creatures
  An orc priest (D:3)
  A bullfrog skeleton (D:4)
  An iguana (D:4)
  2 gnolls (D:2)
  4 adders
  An adder skeleton (D:4)
  2 worms
  4 orcs
  6 endoplasms
  4 giant cockroaches
  6 goblins
  9 hobgoblins
  A jackal (D:4)
  6 kobolds
  2 quokkas
  2 ball pythons
  2 bats
  A frilled lizard (D:3)
  3 rats
58 creatures vanquished.

Vanquished Creatures (collateral kills)
  A gnoll (D:1)
  A kobold (D:2)
  A rat (D:3)
3 creatures vanquished.

Vanquished Creatures (others)
  3 plants (D:4)
3 creatures vanquished.

Grand Total: 64 creatures vanquished

Notes
Turn   | Place    | Note
-------+----------+-------------------------------------------
     0 | D:1      | yoda5477 the Demonspawn Transmuter began the quest for the
                  | Orb.
     0 | D:1      | Reached XP level 1. HP: 15/15 MP: 3/3
   608 | D:1      | Gained mutation: A weak demonic guardian rushes to your
                  | aid. [demonic ancestry]
   608 | D:1      | Reached XP level 2. HP: 21/21 MP: 1/5
   707 | D:2      | Reached skill level 1 in Stealth
  1167 | D:1      | HP: 1/22 [kobold (3)]
  1477 | D:1      | Reached XP level 3. HP: 6/27 MP: 4/6
  1838 | D:3      | Reached skill level 2 in Fighting
  2188 | D:2      | Found a faded altar of an unknown god.
  2205 | D:2      | Reached XP level 4. HP: 22/33 MP: 5/7
  3571 | D:3      | Noticed a black bear
  4430 | D:3      | Reached skill level 3 in Fighting
  4519 | D:4      | Reached XP level 5. HP: 41/41 MP: 6/8
  4577 | D:4      | Noticed Menkaure
  4601 | D:4      | Found a shimmering altar of Xom.
  4652 | D:4      | Noticed Blork the orc
  5013 | D:4      | Learned a level 2 spell: Wereblood
  5015 | D:4      | Learned a level 1 spell: Animate Skeleton
  5369 | D:4      | Found a runed translucent door.
  5370 | D:4      | Noticed Crazy Yiuf
  5433 | D:4      | Slain by a black bear

Illustrated notes

Levels and vault maps discovered:
D:1:      lemuel_arrival_funnel, layout_rooms
D:2:      layout_basic, ebering_ecumenical_altar_webs, serial_corexii_hall,
          corexii_hall_statues_l, corexii_hall_statues_x
D:3:      layout_basic, minmay_misc_feat_iff
D:4:      layout_gridville, nicolae_elyvilon_temple_path,
          mainiacjoe_overflow_tiny_flanked, portal_sewer_entry_d, minivault_19,
          serial_bayou_ford_a, moated_statue, minmay_pentangle, uniq_menkaure,
          uniq_blork_the_orc, uniq_crazy_yiuf_cottage

Skill      XL: |  1  2  3  4 |
---------------+-------------+-----
Stealth        | 1 2 |  2.0
Dodging        | 2 |  2.8
Transmutations | 2 |  2.8
Fighting       | 2 3 |  3.4
Armour         | |  0.6
Unarmed Combat | |  2.6
Spellcasting   | |  2.0
Necromancy     | |  0.3

Action                   |  1- 3 |  4- 6 || total
-------------------------+-------+-------++-------
Melee: Unarmed           |    77 |   112 ||   189
       Kick              |    14 |    27 ||    41
       Headbutt          |     7 |    24 ||    31
Throw: Dart              |     3 |     6 ||     9
 Cast: Beastly Appendage |    16 |    34 ||    50
       Animate Skeleton  |       |     2 ||     2
  Use: Scroll            |       |     5 ||     5
 Stab: Sleeping          |       |     1 ||     1
Armor: Leather armour    |    12 |    23 ||    35
Dodge: Dodged            |    55 |    57 ||   112
Block: Other             |       |    18 ||    18
       Reflection        |       |     1 ||     1

Table legend: (Time is in decaauts)
 A = Elapsed time spent in this place.
 B = Non-inter-level travel time spent in this place.
 C = Inter-level travel time spent in this place.
 D = Time resting spent in this place.
 E = Time spent auto-exploring this place.
 F = Levels seen in this place.
 G = Mean time per level.
                   A        B        C        D        E       F      G
               +--------+--------+--------+--------+--------+-----+--------+
         Total |   5435 |   5309 |    126 |   2036 |   1530 |   4 | 1358.8 |
       Dungeon |   5435 |   5309 |    126 |   2036 |   1530 |   4 | 1358.8 |
               +--------+--------+--------+--------+--------+-----+--------+

Top non-repeatable levels by time:
     D:1: 1632 daAuts
     D:2: 1436 daAuts
     D:3: 1414 daAuts
     D:4: 951 daAuts
